Map: Eternal Empire LE

Players

Slowpoke

  • Race: Terran Terran
  • League: Diamond
  • Spawn Location: 7:00

prospeKt - Winner!

  • Race: Zerg Zerg
  • League: Platinum
  • Spawn Location: 1:00

VOD

Have the link to the VOD?

Description

Time

  • Played on: June 9, 2020, 7:30 a.m.
  • Length: 28:06
Show
View Real Time Build Order
Export as new Build Order

Slowpoke Terran 

Build Orders:  

Get SALT Encoding   

  12  0:00  SCV  
  13  0:16  Supply Depot  
  13  0:17  SCV  
  14  0:29  SCV  
  15  0:41  SCV  
  16  0:43  Barracks  
  16  0:46  Refinery  
  16  0:53  SCV  
  17  1:05  SCV  
  18  1:17  SCV  
  19  1:32  Orbital Command  
  19  1:45  Command Center  
  19  1:52  Barracks Reactor  
  19  1:56  Supply Depot  
  19  2:01  SCV  
  20  2:13  SCV  
  21  2:25  SCV  
  22  2:30  Bunker  
  22  2:32  Marine x2  
  24  2:37  SCV  
  24  2:39  Factory  
  24  2:42  Barracks  
  25  2:48  Refinery  
  25  2:49  SCV  
  26  2:55  Marine  
  26  2:58  SCV  
  28  3:01  Marine  
  28  3:05  Bunker  
  29  3:08  Supply Depot  
  29  3:14  Orbital Command  
  29  3:17  SCV  
  30  3:28  Marine x2  
  30  3:29  SCV, Factory Tech Lab  
  33  3:44  Marine  
  33  3:46  Marine  
  35  3:54  Marine  
  36  4:00  SCV  
  36  4:01  SCV  
  38  4:03  Engineering Bay  
  38  4:04  Supply Depot  
  38  4:11  Refinery  
  38  4:13  SCV x2  
  40  4:17  Siege Tank  
  40  4:18  Barracks Tech Lab  
  43  4:25  SCV x2  
  45  4:34  Terran Infantry Weapons Level 1  
  45  4:37  SCV  
  46  4:39  Starport  
  46  4:42  Stimpack  
  46  4:44  Marine  
  46  4:45  Marine x2  
  47  4:46  SCV  
  47  4:49  SCV, Refinery  
  51  4:59  SCV  
  52  5:01  SCV  
  53  5:17  Siege Tank  
  53  5:19  Starport Reactor  
  53  5:21  Command Center  
  56  5:25  Supply Depot  
  56  5:26  Marauder, Marine x2  
  60  5:29  SCV  
  60  5:34  Missile Turret  
  61  5:41  SCV  
  62  5:46  Marine  
  62  5:47  SCV  
  64  5:53  Siege Tank  
  67  5:57  Supply Depot x3  
  67  6:05  SCV  
  67  6:08  SCV  
  69  6:17  SCV  
  70  6:18  Liberator x2  
  70  6:21  SCV  
  70  6:22  Combat Shield  
  77  6:28  Terran Infantry Armor Level 1  
  77  6:29  SCV  
  77  6:32  Hellion  
  80  6:35  Marine  
  80  6:36  Marine x2  
  83  6:44  SCV x2  
  83  6:45  Factory  
  85  6:47  Planetary Fortress  
  85  6:51  Barracks  
  85  6:56  SCV  
  86  7:02  Siege Tank  
  86  7:06  Marine  
  86  7:07  Marine x2  
  92  7:16  SCV  
  92  7:17  SCV  
  92  7:18  Liberator  
  97  7:24  Marine x2  
  97  7:25  Marine  
  100  7:35  SCV x2, Widow Mine  
  100  7:36  SCV  
  105  7:47  SCV  
  105  7:48  SCV x2  
  105  7:50  Factory Tech Lab  
  108  8:14  Marine  
  108  8:19  Liberator  
  109  8:41  Supply Depot x2  
  109  8:44  Supply Depot  
  109  8:53  Supply Depot  
  109  8:54  Supply Depot  
  109  8:55  Supply Depot  
  109  8:56  SCV x2, Supply Depot x2, Marine  
  109  8:57  Supply Depot  
  109  9:02  SCV, Siege Tank, Marine x2, Liberator x2  
  117  9:03  Siege Tank  
  117  9:07  Concussive Shells  
  124  9:11  Factory  
  124  9:14  Marine  
  125  9:19  Supply Depot  
  125  9:20  Marine x2  
  125  9:21  Armory  
  125  9:23  Starport  
  127  9:32  Marine  
  127  9:34  Siege Tank  
  127  9:35  Siege Tank  
  127  9:38  Marine  
  135  9:42  Barracks Reactor  
  135  9:46  SCV x3, Refinery  
  135  9:48  Refinery  
  138  9:58  SCV x2  
  140  10:04  Missile Turret  
  140  10:06  Missile Turret, Siege Tank  
  143  10:07  Siege Tank  
  143  10:10  Starport Reactor  
  143  10:13  Liberator  
  149  10:15  Factory Tech Lab  
  149  10:21  Terran Infantry Weapons Level 2  
  149  10:39  Siege Tank  
  149  10:42  Missile Turret  
  152  11:02  Command Center  
  152  11:05  Viking x2, Command Center  
  152  11:34  Marine x2  
  152  11:35  Viking  
  109  11:53  Siege Tank x3  
  109  11:54  Marine x3  
  115  11:57  Liberator  
  115  11:58  Liberator  
  124  12:12  Marine  
  125  12:21  Liberator x2  
  131  12:25  Siege Tank  
  131  12:26  Terran Vehicle Weapons Level 1  
  112  12:52  Marine  
  112  12:53  Marine x2  
  97  12:58  Siege Tank  
  97  12:59  Siege Tank x2  
  97  13:25  Command Center  
  97  13:31  Siege Tank x3  
  106  13:39  Command Center  
  106  13:44  Supply Depot  
  106  13:49  Supply Depot  
  106  13:50  Missile Turret  
  106  13:53  Command Center  
  106  14:08  Supply Depot  
  100  14:29  Siege Tank x2  
  104  14:40  Siege Tank  
  104  14:44  Terran Vehicle Weapons Level 2  
  107  14:49  Armory  
  107  15:01  Siege Tank  
  107  15:02  Refinery  
  107  15:04  Planetary Fortress  
  110  15:08  Supply Depot  
  110  15:12  Refinery  
  110  15:13  Sensor Tower  
  110  15:17  Siege Tank x2  
  116  15:31  Supply Depot  
  116  15:33  Siege Tank  
  119  15:41  Marine x3  
  122  15:42  Sensor Tower  
  122  15:59  Marine  
  123  16:10  Siege Tank  
  126  16:11  Siege Tank  
  129  16:24  Command Center  
  123  16:58  Siege Tank  
  123  16:59  Siege Tank x2  
  123  17:00  Marine x2  
  128  17:27  Marine x2  
  117  17:31  Siege Tank x3  
  117  17:36  SCV x3  
  130  17:39  Planetary Fortress, Sensor Tower  
  129  18:03  Siege Tank x2  
  129  18:05  Siege Tank  
  137  18:06  Marine x3  
  139  18:20  Refinery x2  
  139  18:24  Marine x3  
  139  18:38  Siege Tank x2  
  145  18:42  Marine x3  
  148  19:16  Marine x3  
  124  19:23  Viking x4  
  118  19:34  Marine x3  
  94  19:53  Viking x4  
  92  20:06  Marine x2  
  94  20:07  Marine  
  86  20:24  Marine x2  
  86  20:25  Marine  
  86  20:32  Command Center  
  86  20:42  Marine x2  
  88  20:43  Marine  
  81  21:00  Marine x2  
  81  21:01  Marine  
  81  21:02  Barracks x2  
  81  21:03  Barracks x2  
  82  21:14  Medivac x2  
  82  21:17  Marine  
  82  21:18  Marine  
  82  21:25  Viking x2  
  71  21:40  Marine x3  
  71  21:44  Viking x2  
  69  21:52  Barracks Reactor x2  
  69  21:53  Barracks Reactor  
  68  21:55  Viking  
  68  21:58  Marine x2  
  63  22:23  Marine x2  
  63  22:26  SCV x2  
  68  22:34  Marine x2  
  68  22:35  Marine x5  
  75  22:41  Marine x2  
  75  22:43  Barracks Reactor  
  76  22:47  Orbital Command  
  76  22:49  SCV x3  
  77  22:52  Marine x3  
  77  22:53  Marine x4  
  79  22:59  Marine x2  
  79  23:01  SCV x3  
  72  23:10  Marine x4  
  72  23:11  Marine x3  
  68  23:13  SCV, Siege Tank x3  
  68  23:16  Marine x2  
  76  23:27  Marine x2  
  76  23:28  Marine x5  
  76  23:29  Marine x2  
  85  23:34  Marine x2  
  87  23:41  SCV  
  87  23:42  SCV x2  
  87  23:45  Refinery, Marine x2, Siege Tank x2  
  87  23:46  Refinery  
  98  23:53  SCV  
  99  24:01  Command Center  
  99  24:02  SCV x2  
  101  24:06  SCV  
  99  24:14  SCV  
  80  24:37  Siege Tank x2  
  80  24:41  Siege Tank  
  51  25:09  Siege Tank  
  54  25:17  Siege Tank  
  33  25:35  Orbital Command  
  33  26:04  Siege Tank  
Show
View Real Time Build Order
Export as new Build Order

prospeKt Zerg - Winner!

Build Orders: Hatch First, Lurkers, Roach Hydra 

Get SALT Encoding   

  12  0:01  Drone  
  13  0:12  Overlord  
  13  0:17  Drone  
  14  0:31  Drone x2  
  14  0:34  Drone  
  17  0:53  Hatchery  
  16  0:57  Drone  
  16  1:00  Drone  
  18  1:16  Spawning Pool  
  18  1:18  Drone  
  18  1:22  Drone  
  19  1:28  Drone  
  20  1:37  Extractor  
  19  1:40  Drone  
  20  1:59  Overlord  
  20  2:04  Drone  
  20  2:05  Queen x2  
  20  2:07  Drone  
  26  2:17  Spine Crawler  
  26  2:18  Drone x2  
  27  2:26  Drone  
  28  2:30  Drone  
  29  2:37  Drone  
  29  2:40  Overlord  
  30  2:48  Drone  
  30  2:50  Lair  
  31  2:52  Queen  
  31  2:54  Drone  
  31  2:57  Drone  
  35  3:07  Drone x2  
  37  3:16  Roach Warren, Drone x2  
  38  3:22  Drone x4  
  38  3:26  Extractor  
  41  3:27  Drone  
  41  3:30  Extractor  
  41  3:31  Overlord  
  42  3:34  Drone  
  42  3:38  Drone  
  43  3:47  Drone  
  44  3:50  Hatchery  
  43  3:58  Zergling x4  
  43  3:59  Drone  
  46  4:09  Drone x2  
  48  4:14  Roach x2  
  48  4:15  Overlord, Evolution Chamber  
  48  4:16  Overlord  
  51  4:39  Roach x4  
  51  4:44  Glial Reconstitution  
  59  4:45  Zerg Missile Weapons Level 1  
  59  4:46  Roach x2  
  59  4:52  Drone x2  
  65  4:57  Overseer  
  65  4:59  Drone  
  67  5:00  Overlord x3, Drone x2  
  68  5:10  Drone x3  
  71  5:14  Drone  
  71  5:26  Drone x6  
  77  5:43  Roach  
  77  5:44  Roach x3  
  77  5:49  Hydralisk Den  
  84  5:52  Evolution Chamber  
  84  5:53  Extractor  
  84  5:55  Drone x4  
  84  5:57  Infestation Pit, Drone  
  85  5:58  Drone x2  
  88  6:05  Queen  
  90  6:12  Drone x2  
  90  6:13  Drone  
  90  6:16  Extractor  
  92  6:19  Drone x3, Extractor  
  94  6:35  Hydralisk  
  94  6:37  Overlord x2  
  94  6:38  Overlord x2  
  96  6:41  Zerg Ground Armor Level 1  
  96  6:42  Grooved Spines  
  96  6:45  Zerg Missile Weapons Level 2  
  96  6:49  Drone  
  97  6:56  Drone x8  
  105  7:18  Hatchery, Drone x7  
  111  7:29  Hive  
  111  7:37  Hydralisk x8  
  127  7:47  Drone  
  127  7:49  Hatchery, Drone x2  
  129  7:54  Muscular Augments  
  127  8:01  Hydralisk x3  
  123  8:13  Extractor x2  
  123  8:14  Spine Crawler  
  108  8:30  Spine Crawler  
  104  8:48  Drone  
  104  8:49  Spore Crawler, Hydralisk, Drone x10  
  104  8:50  Hydralisk x5  
  124  8:57  Queen  
  124  9:06  Drone  
  124  9:07  Drone x3  
  128  9:11  Spore Crawler  
  128  9:16  Spore Crawler, Lurker Den  
  125  9:17  Zerg Ground Armor Level 2, Zerg Missile Weapons Level 3  
  125  9:18  Hydralisk x8  
  141  9:37  Overlord x8  
  141  9:54  Drone  
  141  9:55  Hydralisk  
  141  9:56  Hydralisk x10  
  164  10:00  Drone  
  164  10:01  Drone x2  
  167  10:15  Overseer  
  167  10:17  Drone x2  
  167  10:18  Drone  
  170  10:22  Lurker x11  
  181  10:36  Hydralisk x6  
  193  10:43  Overlord  
  193  10:44  Hydralisk x2  
  197  10:58  Overseer  
  197  11:03  Hydralisk  
  199  11:05  Drone  
  162  11:49  Hydralisk  
  162  11:50  Hydralisk x18  
  199  12:23  Hydralisk  
  151  12:48  Hydralisk  
  151  12:49  Hydralisk x21  
  148  13:10  Hydralisk  
  148  13:11  Hydralisk x6  
  145  13:15  Hydralisk x6  
  154  13:29  Spore Crawler  
  153  13:37  Hydralisk x5  
  163  13:44  Hatchery  
  163  13:48  Spire  
  161  13:54  Spore Crawler  
  153  14:20  Drone x20  
  153  14:21  Drone  
  172  14:31  Lurker x5  
  177  14:32  Lurker  
  178  14:39  Overseer  
  178  14:49  Drone  
  178  14:50  Drone x7  
  186  15:19  Drone x3  
  186  15:21  Hydralisk x2  
  189  15:25  Lurker x7  
  200  15:36  Greater Spire  
  200  16:00  Hatchery, Overseer  
  199  16:32  Adaptive Talons  
  199  16:44  Drone  
  200  17:04  Unknown  
  119  17:23  Corruptor  
  119  17:24  Corruptor x16  
  119  17:29  Seismic Spines  
  116  17:40  Corruptor  
  116  17:43  Unknown  
  114  18:03  Brood Lord  
  114  18:05  Brood Lord  
  114  18:30  Brood Lord  
  116  18:39  Brood Lord  
  118  18:41  Zergling x2  
  118  18:42  Zergling x44  
  118  18:43  Zergling x16  
  118  18:46  Metabolic Boost  
  149  19:07  Brood Lord  
  120  19:19  Hatchery  
  120  19:22  Brood Lord x2  
  119  19:33  Brood Lord  
  121  19:47  Zergling x34  
  121  19:48  Zergling x10  
  143  19:55  Brood Lord  
  143  19:58  Hatchery  
  142  20:38  Zergling x22  
  140  20:54  Extractor  
  130  21:00  Extractor  
  130  21:01  Zergling x16  
  137  21:08  Brood Lord x2  
  127  21:29  Hydralisk x2  
  127  21:30  Zergling x2  
  127  21:31  Zergling x18  
  116  21:41  Extractor  
  116  21:45  Extractor  
  116  21:46  Spore Crawler x2  
  116  21:47  Spore Crawler  
  102  21:52  Hydralisk x2  
  69  22:16  Zergling x6  
  69  22:17  Hydralisk x3  
  78  22:43  Hydralisk x8  
  94  22:50  Spine Crawler  
  92  22:52  Spine Crawler  
  92  22:53  Spine Crawler  
  92  22:57  Hydralisk x4  
  95  23:04  Hydralisk x2  
  87  23:10  Hydralisk  
  84  23:21  Hydralisk x2  
  88  23:48  Zergling x24  
  91  24:32  Lurker x3  
  94  24:42  Hydralisk  
  94  24:43  Hydralisk x7  
  108  25:09  Hydralisk x4  
  105  25:29  Hydralisk  
  105  25:30  Hydralisk x3  
Tags
 
Add a new tag
Caveats
  • Supply blocks, unpowered buildings, or Contaminate may cause inaccurate times.
  • Supply counts are checked every 10 seconds.